 Dungeon Crawl Stone Soup version 0.31.0-32-g396128a36d (webtiles) character file.

Game seed: 1815344584712741826

371 Fractals the Sneak (level 7, -1/46 HPs)
             Began as a Kobold Brigand on Apr 20, 2024.
             Slain by a water moccasin (3 damage)
             ... on level 5 of the Dungeon.
             The game lasted 00:11:03 (4154 turns).

Fractals the Sneak (Kobold Brigand)                 Turns: 4154, Time: 00:11:03

Health: -1/46      AC:  6    Str:  9    XL:     7   Next: 2%
Magic:  0/7        EV: 15    Int: 12    God:
Gold:   91         SH:  0    Dex: 18    Spells: 6/6 levels left

rFire   . . .        a - +2 dagger
rCold   . . .        (no shield)
rNeg    + . .        r - +2 robe {rN+}
rPois   .            (no helmet)
rElec   .            c - +0 cloak
rCorr   .            (no gloves)
SInv    .            w - +0 pair of boots
Will    .....        f - amulet of guardian spirit
Stlth   ++++         g - ring of flight
HPRegen 0.27/turn    (no ring)
MPRegen 0.10/turn

%: guardian spirit
@: flying
A: small, no large weapons, nightstalker 3
a: no special abilities


You were on level 5 of the Dungeon.
You visited 1 branch of the dungeon, and saw 5 of its levels.

You collected 198 gold pieces.
You spent 107 gold pieces at shops.

Inventory:

Hand Weapons
 a - a +2 dagger (weapon)
Missiles
 d - 11 poisoned darts (quivered)
 e - 5 curare-tipped darts
Armour
 c - a +0 cloak (worn)
 r - a +2 robe of positive energy (worn)
 w - a +0 pair of boots (worn)
Magical Staves
 n - a staff of alchemy
Jewellery
 f - an amulet of guardian spirit (around neck)
 g - a ring of flight (left hand)
 x - a ring of fire
Scrolls
 h - a scroll of noise {unknown}
 j - 2 scrolls of identify
 k - a scroll of teleportation
 m - a scroll of fear
 p - a scroll of fog {unknown}
 s - a scroll of enchant armour {unknown}
 t - a scroll of enchant weapon {unknown}
 u - a scroll of poison {unknown}
 v - a scroll of summoning {unknown}
 y - a scroll of blinking {unknown}
Potions
 b - a potion of ambrosia {unknown}
 i - a potion of mutation {unknown}
 l - a potion of curing {unknown}
 o - a potion of haste {unknown}
 q - 3 potions of heal wounds


   Skills:
 + Level 6.0 Fighting
 - Level 4.0 Short Blades
 + Level 3.5 Throwing
 - Level 2.0 Dodging
 - Level 6.0 Stealth


You had 6 spell levels left.
You didn't know any spells.
Your spell library contained the following spells:

 Spells                   Type           Power      Damage    Failure   Level
 Apportation              Tloc           0%         N/A       32%         1
 Necrotise                Necr           0%         1d4       32%         1
 Sting                    Conj/Alch      0%         1d3       32%         1
 Summon Small Mammal      Summ           0%         N/A       32%         1
 Call Canine Familiar     Summ           0%         N/A       69%         3
 Sigil of Binding         Hex            0%         N/A       69%         3
 Dimensional Bullseye     Hex/Tloc       0%         N/A       97%         4


Dungeon Overview and Level Annotations

Branches:
Dungeon (5/15)
 Temple: D:4-7

Altars:

Shops:
D:2 :***!   D:4 *

Annotations:
D:4 Pikel


Innate Abilities, Weirdness & Mutations

You are small and have problems with some larger weapons.
You are completely attuned to the shadows.


Message History

The iguana barely misses you.
You hit the iguana but do no damage.
The iguana is severely wounded.
The iguana misses you.
You hit the iguana.
The iguana is almost dead.
You hit the iguana but do no damage.
The iguana is almost dead.
The iguana barely misses you.
You completely miss the iguana.
The iguana is almost dead.
The iguana bites you.
You are too injured to fight recklessly!
You are too injured to fight recklessly!
You are too injured to fight recklessly!
You are too injured to fight recklessly!
You closely miss the iguana.
The iguana is almost dead.
A water moccasin comes into view.
The iguana barely misses you.
The water moccasin hisses angrily.
You hit the iguana but do no damage.
The iguana is almost dead.
The iguana bites you.
You hit the iguana but do no damage.
The iguana is almost dead.
The iguana attacks as it pursues you! The iguana barely misses you.
The gnoll hits you with a +0 spear. The iguana attacks as it pursues you!
The iguana bites you!
* * * LOW HITPOINT WARNING * * *
The gnoll hits you from afar with a +0 spear.
* * * LOW HITPOINT WARNING * * *
The iguana attacks as it pursues you! The iguana bites you!
* * * LOW HITPOINT WARNING * * *
The gnoll attacks as it pursues you!
The gnoll hits you from afar with a +0 spear.
* * * LOW HITPOINT WARNING * * *
The water moccasin attacks as it pursues you!
The water moccasin bites you.
You die...

#### #....#.## ####..##
##......##
###......####.......#
#........#.##...##..##
#...........#........##
##).......#............#
##...........#####...##.#
##......S....##.....###...
..#....gl@.... ..........#
......#.#......
#........##
...........##.#
....#...... ^....(..#### .
..≈≈≈≈<.... .........#
....≈....# ........#
≈≈≈≈..... .#..(....
......... .........
.........


You could see a water moccasin, an iguana and a gnoll.

Vanquished Creatures
  A scorpion (D:4)
  A hound (D:4)
  Jessica (D:2)
  An iguana (D:4)
  An orc wizard (D:3)
  A sleepcap (D:5)
  6 gnolls
  5 adders
  A ribbon worm (D:2)
  5 orcs
  8 ball pythons
  3 bats (D:2)
  8 endoplasms
  4 giant cockroaches
  2 goblins (D:4)
  9 hobgoblins
  4 quokkas
  3 frilled lizards
  7 kobolds
  5 rats
76 creatures vanquished.

Notes
Turn   | Place    | Note
-------+----------+-------------------------------------------
     0 | D:1      | Fractals the Kobold Brigand began the quest for the Orb.
     0 | D:1      | Reached XP level 1. HP: 12/12 MP: 1/1
   226 | D:1      | Reached XP level 2. HP: 18/18 MP: 2/2
   400 | D:1      | Reached XP level 3. HP: 22/22 MP: 3/3
   902 | D:2      | Found Yteacw's Distillery.
   999 | D:2      | Bought a potion of heal wounds for 65 gold pieces
  1236 | D:2      | Found Hizeol's Assorted Antiques.
  1272 | D:2      | Reached XP level 4. HP: 28/28 MP: 4/4
  1294 | D:2      | Found Kumes's General Store.
  1588 | D:2      | Found Hosen's Book Emporium.
  1590 | D:2      | Found Vuidash's General Store.
  1590 | D:2      | Noticed Jessica
  1595 | D:2      | Killed Jessica
  1596 | D:2      | Reached XP level 5. HP: 33/33 MP: 5/5
  2502 | D:3      | Reached skill level 5 in Fighting
  3113 | D:4      | Noticed a lemure
  3113 | D:4      | Noticed a lemure
  3127 | D:4      | Reached XP level 6. HP: 40/40 MP: 6/6
  3365 | D:4      | Found Yzidugabe's General Store.
  3375 | D:4      | Bought a scroll of teleportation for 42 gold pieces
  3640 | D:4      | Noticed Pikel
  3949 | D:5      | Entered Level 5 of the Dungeon
  4025 | D:4      | Reached XP level 7. HP: 32/46 MP: 5/7
  4146 | D:5      | Noticed a water moccasin
  4153 | D:5      | HP: 2/46 [gnoll/+0 spear (1)]
  4154 | D:5      | Slain by a water moccasin

Illustrated notes

Levels and vault maps discovered:
D:1:      dpeg_arrival_tiny_i, layout_loops_ring, st_stairs_4,
          chequers_serial_rivers_micro_a
D:2:      minmay_diamond_boxcup, layout_basic, serial_shops,
          nicolae_shop_real_fake_doors, shop, nicolae_shop_tiny_glass,
          nicolae_shop_statue_plus, nicolae_shop_tiny_waterfront, uniq_jessica
D:3:      layout_basic
D:4:      layout_basic, serial_shops, nicolae_stop_n_shop_2, uniq_pikel
D:5:      layout_cave_pools, serial_shops, nicolae_shop_tiny_real_fake_doors,
          chequers_serial_rivers_micro_d, uniq_edmund

Skill      XL: |  1  2  3  4  5  6 |
---------------+-------------------+-----
Short Blades   | 3 4 |  4.0
Fighting       | 3 4 5 6 |  6.0
Throwing       | 3 |  3.5
Stealth        | 6 |  6.0
Dodging        | 2 |  2.0

Action                     |  1- 3 |  4- 6 |  7- 9 || total
---------------------------+-------+-------+-------++-------
  Melee: Dagger            |    52 |   205 |    29 ||   286
         Punch             |     1 |     3 |       ||     4
  Throw: Dart              |     8 |    16 |     3 ||    27
    Use: Scroll            |     1 |     3 |       ||     4
         Potion            |     1 |       |       ||     1
   Stab: Sleeping          |    11 |    24 |       ||    35
 Armour: Robe              |    14 |    63 |    14 ||    91
         Skin              |     6 |       |       ||     6
  Dodge: Dodged            |    23 |   118 |    19 ||   160
